Match 39012460
Unlisted

Match 39012460
End
Engineer Squad
Scout Squad
Selects Airborne Battlegroup
Selects Pathfinders
Construct Weapon Support Center
Construct Weapon Support Center
Bazooka Squad
M1919 Machine Gun Team
Selects Paratrooper Squad Paradrop
Paratrooper Squad Paradrop
Mechanized Support Center
Paratrooper Squad Paradrop
M3 75 mm Gun Motor Carriage
Selects Recon Loiter
Selects Supply Drop
Supply Drop
Engineer Squad
Salvage Crew
Designate Forward Repair Station
Construct Tank Depot
M4A1 Sherman Medium Tank
Supply Drop
Selects Dual P-47 Rocket Strike
M4A1 Sherman Medium Tank
Improvised Armor
Recon Loiter
Dual P-47 Rocket Strike
Slymanx
只愛❤毛妹
0
0

Comments sign in to comment!

No comments posted yet!